 Dungeon Crawl Stone Soup version 0.26-a0-812-g31a745ddcd (webtiles) character file.

Game seed: 10852731594418214037

41 vurker the Sneak (level 3, 0/25 HPs)
             Began as a Gnoll Enchanter on Dec 3, 2020.
             Slain by a gnoll
             ... wielding a +0 whip
              (1 damage)
             ... on level 1 of the Dungeon.
             The game lasted 00:01:08 (1161 turns).

vurker the Sneak (Gnoll Enchanter)                  Turns: 1161, Time: 00:01:09

Health: 0/25       AC:  2    Str: 10    XL:     3   Next: 52%
Magic:  9/9        EV: 14    Int: 18    God:
Gold:   58         SH:  0    Dex: 15    Spells: 11/12 levels left

rFire    . . .     SeeInvis .   a - +1 dagger
rCold    . . .     Faith    .   (no shield)
rNeg     . . .     Spirit   .   b - +0 robe
rPois    .         Reflect  .   (no helmet)
rElec    .         Harm     .   (no cloak)
rCorr    .         Rampage  .   (no gloves)
MR       .....                  (no boots)
Stlth    +++.......             (no amulet)
HPRegen  0.08/turn              (no ring)
MPRegen  0.11/turn              (no ring)

@: no status effects
A: distributed training, fangs 1, strong nose
a: no special abilities


You were on level 1 of the Dungeon.
You visited 1 branch of the dungeon, and saw 1 of its levels.

You collected 58 gold pieces.

Inventory:

Hand Weapons
 a - a +1 dagger (weapon)
Armour
 b - a +0 robe (worn)
 c - a cursed +0 pair of gloves
   (You found it on level 1 of the Dungeon)
Potions
 d - 2 potions of might {unknown}


   Skills:
 + Level 0.8 Fighting
 + Level 2.6 Short Blades
 + Level 0.8 Long Blades
 + Level 0.8 Axes
 + Level 0.8 Maces & Flails
 + Level 0.8 Polearms
 + Level 0.8 Staves
 + Level 0.8 Slings
 + Level 0.8 Bows
 + Level 0.8 Crossbows
 + Level 0.8 Throwing
 + Level 0.8 Armour
 + Level 4.5 Dodging
 + Level 6.0 Stealth
 + Level 0.8 Shields
 + Level 0.8 Unarmed Combat
 + Level 5.0 Spellcasting
 + Level 0.5 Conjurations
 + Level 5.4 Hexes
 + Level 0.5 Summonings
 + Level 0.5 Necromancy
 + Level 0.5 Translocations
 + Level 0.5 Transmutations
 + Level 0.5 Fire Magic
 + Level 0.5 Ice Magic
 + Level 0.5 Air Magic
 + Level 0.5 Earth Magic
 + Level 0.5 Poison Magic
 + Level 1.0 Invocations
 + Level 0.8 Evocations


You had 11 spell levels left.
You knew the following spells:

 Your Spells              Type           Power        Failure   Level
a - Corona                Hex            ###....      1%          1

Your spell library contained the following spells:

 Spells                   Type           Power        Failure   Level
 Confusing Touch          Hex            ###.....     4%          3
 Tukima's Dance           Hex            ###.....     4%          3
 Ensorcelled Hibernation  Hex/Ice        ###...       6%          2
 Dazzling Flash           Conj/Hex       ###...       12%         3


Dungeon Overview and Level Annotations

Branches:
Dungeon (1/15)

Altars:


Innate Abilities, Weirdness & Mutations

Your experience applies equally to all skills.
You have very sharp teeth.
Your uncanny sense of smell can sniff out nearby items.


Message History

Found a dagger and a scroll labelled FEMIYHOIHE.
A giant cockroach comes into view.
You see here a scroll labelled FEMIYHOIHE.
A giant cockroach is nearby!
A giant cockroach is nearby!
A hobgoblin and a gnoll come into view.
You see here a dagger.
A goblin comes into view. It is wielding a +0 club.
The hobgoblin shouts!
The goblin shouts!
The goblin barely misses you.
The gnoll shouts!
You hit the goblin. The goblin barely misses you.
You barely miss the goblin. You hit the goblin.
You kill the goblin!
Your Invocations skill increases to level 1!
You hit the giant cockroach. The giant cockroach closely misses you.
You hit the giant cockroach. Your punch misses the giant cockroach.
The giant cockroach barely misses you.
You hit the giant cockroach but do no damage.
The giant cockroach barely misses you.
You closely miss the giant cockroach.
You bite the giant cockroach, but do no damage.
The giant cockroach closely misses you.
You closely miss the giant cockroach. The giant cockroach closely misses you.
You hit the giant cockroach but do no damage.
You bite the giant cockroach, but do no damage.
The giant cockroach bites you.
You hit the giant cockroach.
You kill the giant cockroach!
You barely miss the hobgoblin. You hit the hobgoblin.
You bite the hobgoblin, but do no damage.
The hobgoblin hits you with a +0 club.
You hit the hobgoblin. The hobgoblin hits you with a +0 club.
You hit the hobgoblin.
You kill the hobgoblin!
You closely miss the gnoll. The gnoll hits you with a +0 whip.
You barely miss the gnoll. You barely miss the gnoll.
The gnoll hits you with a +0 whip!
* * * LOW HITPOINT WARNING * * *
You hit the gnoll. The gnoll barely misses you.
You hit the gnoll but do no damage. The gnoll closely misses you.
You completely miss the gnoll. You bite the gnoll, but do no damage.
The gnoll hits you with a +0 whip.
* * * LOW HITPOINT WARNING * * *
You closely miss the gnoll. The gnoll barely misses you.
You hit the gnoll but do no damage. The gnoll barely misses you.
You hit the gnoll. The gnoll hits you with a +0 whip.
You die...

..#. ∆
##...#######.#..
.##... ########
#.##. ...#.
#......## #.##. ∆
#...########
##....#..# #.##.
.###....#.?..#
##.....##.# #.##.
..........)..#
#..##.###.# #.##.
........#....##
#.###.###.###.##.
#.#.#.......###.#
#............
#....######..g@.#
#####..######
.........#
####### #####..##
###....#....
........)#
##...######
########## #####


You could see a gnoll.

Vanquished Creatures
  5 dart slugs (D:1)
  A leopard gecko (D:1)
  3 giant cockroaches (D:1)
  2 goblins (D:1)
  6 hobgoblins (D:1)
  3 jackals (D:1)
  3 kobolds (D:1)
  4 rats (D:1)
27 creatures vanquished.

Notes
Turn   | Place    | Note
-------+----------+-------------------------------------------
     0 | D:1      | vurker the Gnoll Enchanter began the quest for the Orb.
     0 | D:1      | Reached XP level 1. HP: 13/13 MP: 6/6
   164 | D:1      | Reached XP level 2. HP: 16/19 MP: 7/7
   762 | D:1      | Reached XP level 3. HP: 25/25 MP: 9/9
   780 | D:1      | Reached skill level 5 in Spellcasting
   795 | D:1      | Reached skill level 6 in Stealth
  1141 | D:1      | Reached skill level 1 in Invocations
  1158 | D:1      | HP: 1/25 [gnoll/+0 whip (5)]
  1161 | D:1      | Slain by a gnoll

Illustrated notes

Levels and vault maps discovered:
D:1:      dpeg_arrival_signposts, layout_rooms, serial_rivers,
          chequers_serial_rivers_micro_a, chequers_serial_rivers_micro_d,
          chequers_serial_rivers_room_a, chequers_serial_rivers_large_b

Skill      XL: |  1  2  3 |
---------------+----------+-----
Spellcasting   | 5 |  5.0
Stealth        | 6 |  6.0
Invocations    | 1 |  1.0
Fighting       | |  0.8
Short Blades   | |  2.6
Long Blades    | |  0.8
Axes           | |  0.8
Maces & Flails | |  0.8
Polearms       | |  0.8
Staves         | |  0.8
Slings         | |  0.8
Bows           | |  0.8
Crossbows      | |  0.8
Throwing       | |  0.8
Armour         | |  0.8
Dodging        | |  4.5
Shields        | |  0.8
Unarmed Combat | |  0.8
Conjurations   | |  0.5
Hexes          | |  5.4
Summonings     | |  0.5
Necromancy     | |  0.5
Translocations | |  0.5
Transmutations | |  0.5
Fire Magic     | |  0.5
Ice Magic      | |  0.5
Air Magic      | |  0.5
Earth Magic    | |  0.5
Poison Magic   | |  0.5
Evocations     | |  0.8

Action                   || total
-------------------------++-------
Melee: Dagger            ||   119
       Bite              ||    15
 Stab: Sleeping          ||     3
Armor: Robe              ||     9
Dodge: Dodged            ||    68

Table legend: (Time is in decaauts)
 A = Elapsed time spent in this place.
 B = Non-inter-level travel time spent in this place.
 C = Inter-level travel time spent in this place.
 D = Time resting spent in this place.
 E = Time spent auto-exploring this place.
 F = Levels seen in this place.
 G = Mean time per level.
                   A        B        C        D        E       F      G
               +--------+--------+--------+--------+--------+-----+--------+
         Total |   1191 |   1191 |      0 |      0 |    977 |   1 | 1191.0 |
       Dungeon |   1191 |   1191 |      0 |      0 |    977 |   1 | 1191.0 |
               +--------+--------+--------+--------+--------+-----+--------+

Top non-repeatable levels by time:
     D:1: 1191 daAuts
